Map: King's Cove LE

Players

zuka - Winner!

  • Race: Protoss Protoss
  • League: Master
  • Spawn Location: 5:00

Yahoooo

  • Race: Protoss Protoss
  • League: Master
  • Spawn Location: 11:00

VOD

Have the link to the VOD?

Description

Time

  • Played on: Jan. 30, 2019, 2:17 p.m.
  • Length: 14:37
Show
View Real Time Build Order
Export as new Build Order

zuka Protoss - Winner!

Build Orders: Archon Immortal 

Get SALT Encoding   

  12  0:01  Probe  
  13  0:13  Probe  
  14  0:18  Pylon  
  14  0:22  Probe  
  15  0:32  Probe  
  15  0:40  Gateway  
  15  0:42  Probe  
  16  0:48  Assimilator  
  17  0:53  Probe  
  18  0:57  Assimilator  
  18  1:01  Probe  
  18  1:10  Probe  
  19  1:11  Gateway  
  20  1:22  Probe  
  21  1:29  Cybernetics Core  
  21  1:34  Probe  
  22  1:40  Pylon  
  22  1:46  Probe  
  23  1:58  Warp Gate  
  23  2:07  Stalker  
  23  2:08  Sentry  
  27  2:20  Pylon  
  27  2:24  Pylon  
  27  2:33  Stalker  
  29  2:37  Stalker  
  31  2:44  Robotics Facility  
  30  3:07  Nexus  
  30  3:15  Probe  
  31  3:24  Immortal  
  31  3:28  Probe  
  36  3:40  Probe  
  37  3:52  Probe  
  37  3:54  Pylon  
  38  4:00  Pylon  
  38  4:03  Observer  
  38  4:05  Forge  
  39  4:12  Probe  
  39  4:14  Sentry  
  42  4:19  Probe  
  43  4:24  Probe  
  43  4:27  Immortal  
  43  4:30  Protoss Ground Weapons Level 1  
  44  4:31  Probe  
  49  4:39  Probe  
  49  4:44  Probe  
  51  4:51  Probe  
  52  4:56  Probe  
  53  5:03  Probe  
  54  5:08  Probe  
  54  5:09  Gateway  
  54  5:12  Gateway  
  55  5:15  Probe  
  55  5:16  Assimilator  
  56  5:27  Probe  
  58  5:31  Gateway  
  58  5:32  Immortal  
  62  5:41  Probe  
  63  5:43  Twilight Council  
  63  5:53  Assimilator  
  62  6:01  Charge  
  62  6:06  Nexus  
  62  6:08  Probe x2  
  64  6:12  Protoss Ground Weapons Level 2  
  64  6:13  Zealot x2  
  69  6:25  Templar Archives  
  69  6:28  Pylon  
  69  6:30  Pylon  
  68  6:38  Probe x2  
  70  6:50  Probe x2  
  72  6:58  Zealot  
  72  6:59  Zealot  
  76  7:02  Probe x2  
  78  7:14  Probe x2  
  78  7:15  Gateway  
  80  7:18  Probe, Gateway  
  80  7:22  High Templar x2  
  85  7:23  High Templar  
  85  7:25  High Templar  
  85  7:26  Probe  
  85  7:27  Zealot  
  85  7:29  Archon x2  
  92  7:30  Probe x2  
  94  7:38  Pylon  
  94  7:39  Probe  
  94  7:42  Probe x2  
  97  7:47  Pylon  
  97  7:51  Probe  
  98  7:54  Probe  
  98  7:55  Probe  
  98  7:57  Pylon  
  100  8:00  High Templar x2  
  100  8:01  High Templar x2  
  100  8:03  Probe  
  100  8:05  Archon x2  
  109  8:06  Probe  
  109  8:07  Probe, Pylon  
  109  8:10  Assimilator  
  111  8:13  Assimilator, Gateway  
  111  8:15  Probe  
  112  8:21  Observer  
  112  8:22  Immortal  
  112  8:24  Shield Battery  
  112  8:25  Protoss Ground Weapons Level 3  
  112  8:26  Probe x2  
  114  8:27  Shield Battery, Probe  
  114  8:29  High Templar x2  
  114  8:33  Zealot  
  125  8:34  Archon  
  125  8:42  Photon Cannon  
  125  8:43  Probe x2  
  127  8:51  Zealot  
  127  8:52  Zealot x2  
  133  8:56  Pylon  
  133  9:00  Pylon  
  133  9:07  Pylon  
  133  9:13  Gateway  
  133  9:16  Warp Prism  
  133  9:17  High Templar  
  133  9:18  High Templar, Zealot x2  
  133  9:19  Zealot  
  133  9:20  Zealot  
  133  9:23  High Templar  
  133  9:24  High Templar  
  149  9:25  Archon  
  149  9:30  Archon  
  151  9:36  Stargate  
  151  9:46  Zealot  
  151  9:47  Zealot x2  
  151  9:51  Pylon  
  151  9:52  Pylon  
  157  10:05  Photon Cannon  
  157  10:08  Photon Cannon x2  
  157  10:10  Dark Shrine  
  157  10:21  Photon Cannon  
  157  10:23  Photon Cannon  
  157  10:25  High Templar x3  
  157  10:26  High Templar, Zealot  
  157  10:27  Zealot x4  
  169  10:29  Archon x2  
  169  10:55  Pylon  
  169  10:56  Pylon  
  169  11:12  Pylon  
  169  11:13  Pylon  
  169  11:18  Photon Cannon, High Templar x4  
  173  11:21  High Templar x2  
  173  11:22  Photon Cannon  
  173  11:23  Archon x2  
  173  11:24  Zealot x3  
  187  11:26  Archon  
  147  11:43  Observer  
  147  11:46  Zealot x2  
  147  11:47  Zealot  
  148  11:57  Dark Templar x4  
  156  12:07  Zealot x3  
  156  12:08  Zealot x2  
  166  12:10  Observer  
  122  12:48  Zealot x5  
  122  12:49  Zealot x2  
  132  12:54  Probe  
  114  13:11  Stalker  
  114  13:12  Stalker x6  
  120  13:13  Stalker x2  
  120  13:19  Probe x3  
  121  13:27  Fleet Beacon  
  121  13:29  Nexus  
  121  13:31  Probe, Pylon  
  121  13:33  Pylon  
  116  13:36  Probe  
  116  13:44  High Templar x2  
  116  13:45  High Templar x2, Zealot  
  116  13:46  Zealot x3  
  132  13:49  Gateway  
  132  14:01  Probe x3  
  135  14:04  Observer  
  135  14:06  Pylon  
  135  14:10  Pylon  
  135  14:11  Pylon  
  135  14:14  Pylon  
  135  14:16  Photon Cannon  
  136  14:18  Photon Cannon  
  132  14:27  Archon  
  132  14:28  Archon  
  132  14:29  Zealot x4  
  127  14:31  Zealot x3  
Show
View Real Time Build Order
Export as new Build Order

Yahoooo Protoss 

Build Orders: Archon Immortal 

Get SALT Encoding   

  12  0:00  Probe  
  13  0:13  Probe  
  14  0:18  Pylon  
  14  0:24  Probe  
  15  0:32  Probe  
  15  0:39  Gateway  
  15  0:40  Probe  
  17  0:51  Probe  
  17  0:55  Assimilator  
  18  0:57  Assimilator  
  18  1:03  Probe  
  19  1:15  Probe, Gateway  
  20  1:27  Probe  
  20  1:28  Cybernetics Core  
  21  1:39  Probe  
  22  1:41  Pylon  
  22  1:47  Warp Gate  
  22  2:01  Probe  
  23  2:05  Stalker  
  25  2:10  Sentry  
  27  2:19  Pylon  
  28  2:22  Probe  
  28  2:35  Probe, Stalker  
  31  2:48  Nexus  
  30  3:07  Probe  
  30  3:10  Robotics Facility  
  31  3:19  Probe  
  32  3:24  Gateway  
  32  3:37  Stalker x2  
  36  3:42  Probe  
  36  3:47  Forge  
  37  3:51  Observer  
  37  3:54  Probe  
  38  4:01  Probe  
  40  4:03  Probe  
  41  4:10  Protoss Ground Weapons Level 1  
  41  4:11  Immortal, Probe  
  41  4:13  Probe  
  41  4:16  Sentry  
  49  4:20  Sentry, Probe  
  52  4:25  Probe  
  53  4:33  Probe  
  53  4:36  Pylon  
  54  4:48  Pylon  
  54  4:54  Probe x2, Pylon  
  55  5:00  Assimilator  
  55  5:05  Immortal  
  59  5:12  Twilight Council  
  59  5:25  Nexus  
  59  5:28  Pylon  
  59  5:30  Probe x2  
  61  5:41  Zealot x3  
  61  5:42  Charge  
  67  5:43  Protoss Ground Weapons Level 2  
  67  5:47  Observer  
  67  5:48  Gateway  
  68  5:53  Probe  
  68  5:55  Probe  
  70  6:05  Probe  
  71  6:13  Gateway  
  71  6:16  Probe  
  71  6:17  Gateway  
  72  6:24  Gateway  
  72  6:28  Pylon  
  72  6:30  Probe  
  72  6:32  Probe  
  74  6:36  Assimilator  
  74  6:39  Pylon  
  74  6:42  Probe  
  74  6:43  Probe  
  74  6:44  Probe  
  77  6:54  Probe  
  77  6:55  Templar Archives, Pylon  
  77  7:00  Probe  
  78  7:04  Probe  
  78  7:06  Probe  
  81  7:08  Probe  
  81  7:12  Pylon  
  82  7:20  Zealot x4  
  82  7:21  Zealot x2  
  94  7:25  Protoss Ground Weapons Level 3  
  94  7:27  Probe x3  
  97  7:35  Gateway  
  97  7:39  Probe x3  
  100  7:50  High Templar x2  
  100  7:51  High Templar x3, Probe x2  
  111  7:55  Archon  
  111  7:56  Archon  
  112  8:01  Assimilator  
  112  8:02  Assimilator  
  112  8:04  Probe  
  112  8:05  Pylon  
  113  8:06  Warp Prism  
  113  8:10  Nexus  
  113  8:12  Pylon  
  115  8:26  Photon Cannon  
  115  8:29  Probe x2  
  115  8:32  High Templar x2  
  121  8:37  High Templar, Zealot  
  121  8:38  Zealot x3  
  121  8:39  Archon  
  131  8:43  Immortal  
  131  8:51  Stargate  
  135  8:59  Pylon  
  135  9:01  Gateway  
  135  9:04  Gateway  
  135  9:05  Pylon  
  135  9:07  Archon  
  135  9:14  Zealot x3  
  135  9:15  Zealot x2  
  145  9:21  Probe x3  
  145  9:22  Probe  
  149  9:33  Probe x3  
  149  9:34  Fleet Beacon, Probe  
  149  9:37  Oracle  
  156  9:41  Protoss Ground Armor Level 1  
  156  9:43  High Templar x2  
  161  9:45  Probe x2  
  161  9:49  Zealot x4  
  161  9:50  Immortal, Archon  
  174  10:06  Mothership  
  175  10:09  Assimilator x2  
  174  10:22  Pylon x2  
  174  10:24  Pylon  
  174  10:33  Pylon  
  174  10:34  Pylon  
  174  10:35  Pylon  
  170  10:52  Pylon  
  170  10:56  High Templar x4  
  170  10:57  High Templar  
  168  11:03  Archon x2  
  168  11:04  High Templar  
  168  11:05  Zealot x3  
  168  11:20  Gateway  
  168  11:22  Gateway  
  168  11:24  Archon  
  168  11:25  Gateway  
  168  11:28  Gateway  
  168  11:30  Zealot x3  
  168  11:31  Zealot x6, Gateway  
  178  11:33  Gateway  
  178  11:35  Pylon  
  178  11:37  Zealot  
  107  11:52  High Templar x4  
  107  11:53  High Templar x3  
  107  11:54  Zealot x2  
  100  11:56  Archon x2  
  100  11:57  Archon  
  100  12:00  High Templar  
  88  12:04  Archon  
  72  12:19  Pylon, Nexus  
  71  12:24  Zealot x6  
  71  12:25  Zealot x8  
  71  12:27  Observer  
  84  12:41  Observer  
  70  12:48  Zealot x2  
  70  12:49  Zealot x2  
  77  12:55  High Templar x2  
  78  13:03  Archon  
  70  13:09  Zealot x4  
  68  13:21  Probe x2  
  65  13:33  Probe x2  
  59  13:34  High Templar  
  59  13:35  High Templar  
  63  13:45  Probe  
  63  13:51  Archon  
  56  14:02  High Templar x2  
  60  14:03  Zealot x2  
  60  14:06  Archon  
  64  14:12  Stalker  
Tags
 
Add a new tag
Caveats
  • Supply blocks, unpowered buildings, or Contaminate may cause inaccurate times.
  • Supply counts are checked every 10 seconds.